 Dungeon Crawl Stone Soup version 0.24-a0-549-g45f0056d81 (webtiles) character file.

Game seed: 1964375135608821473

89 DasRunzen the Covered (level 4, -8/41 HPs)
             Began as a Minotaur Fighter on Aug 20, 2019.
             Mangled by Sigmund
             ... wielding a +0 scythe
              (9 damage)
             ... on level 2 of the Dungeon.
             The game lasted 00:02:07 (1229 turns).

DasRunzen the Covered (Minotaur Fighter)            Turns: 1229, Time: 00:02:08

Health: -8/41      AC:  7    Str: 20    XL:     4   Next: 31%
Magic:  3/3        EV:  7    Int:  5    God:
Gold:   0          SH:  9    Dex: 11    Spells: 3/3 levels left

rFire    . . .     SeeInvis .   a - +0 war axe
rCold    . . .     Gourm    .   c - +0 shield
rNeg     . . .     Faith    .   b - +0 scale mail
rPois    .         Spirit   .   (helmet restricted)
rElec    .         Reflect  .   (no cloak)
rCorr    .         Harm     .   (no gloves)
MR       .....                  (no boots)
Stlth    ..........             (no amulet)
HPRegen  0.13/turn              (no ring)
MPRegen  0.08/turn              (no ring)

@: no status effects
A: retaliatory headbutt, horns 2
a: no special abilities


You were on level 2 of the Dungeon.
You were not hungry.

You visited 1 branch of the dungeon, and saw 2 of its levels.

Inventory:

Hand Weapons
 a - a +0 war axe (weapon)
 g - a +1 hand axe of draining
Armour
 b - a +0 scale mail (worn)
 c - a +0 shield (worn)
Potions
 d - 2 potions of might
 h - a potion of curing
 i - a potion of lignification {unknown}
Comestibles
 f - 2 rations


   Skills:
 + Level 4.4 Fighting
 + Level 3.4 Axes
 + Level 4.4 Armour
 + Level 4.4 Shields


You had 3 spell levels left.
You didn't know any spells.
Your spell library was empty.

Dungeon Overview and Level Annotations

Branches:
Dungeon (2/15)

Altars:

Annotations:
D:2 Robin, Sigmund


Innate Abilities, Weirdness & Mutations

You reflexively headbutt those who attack you in melee.
You have a pair of horns on your head.


Message History

You are too injured to fight recklessly!
Unknown command.
You are too injured to fight recklessly!
You are too injured to fight recklessly!
You closely miss the goblin.
The goblin is moderately wounded.
You block the goblin's attack. Something hits you but does no damage.
Robin throws the goblin at you! You block the goblin's attack.
The goblin hits you.
You slash the goblin!
You kill the goblin!
Your shield prevents you from hitting the goblin.
Robin barely misses you. Something hits you.
* * * LOW HITPOINT WARNING * * *
The goblin hits you.
* * * LOW HITPOINT WARNING * * *
Robin hits you from afar with a +0 trident.
* * * LOW HITPOINT WARNING * * *
The goblin closely misses you. Something hits you!
You die...

. .$ ... ... ... .#. ....
.. ......
.....#.##..#...##.
.....#..#.........
#....#.........
#).#.....g#..
###@##.......g
##.))ggg.......
##.รท#..{K....... ####
###..#...#........
##...####...##...##.......
##..............#.#
.#.....
#.........#######.#..#
.#..
#....[..####........## ...
#>......# #........ ..


You could see Robin, a hobgoblin, a goblin and a kobold.

Vanquished Creatures
  Jessica (D:2)
  A gnoll (D:1)
  2 adders (D:2)
  A giant cockroach (D:2)
  11 goblins
  8 hobgoblins
  2 jackals (D:1)
  A bat (D:1)
  2 frilled lizards (D:1)
  3 kobolds (D:1)
  A rat (D:1)
33 creatures vanquished.

Notes
Turn   | Place    | Note
-------+----------+-------------------------------------------
     0 | D:1      | DasRunzen the Minotaur Fighter began the quest for the Orb.
     0 | D:1      | Reached XP level 1. HP: 19/19 MP: 0/0
   247 | D:1      | Reached XP level 2. HP: 27/27 MP: 1/1
   504 | D:1      | Reached XP level 3. HP: 33/33 MP: 2/2
   965 | D:2      | Noticed Sigmund
   965 | D:2      | Noticed Jessica
   973 | D:2      | Killed Jessica
   973 | D:2      | Reached XP level 4. HP: 37/41 MP: 3/3
  1216 | D:2      | Noticed Robin
  1228 | D:2      | HP: 1/41 [Robin/+0 trident (4)]
  1229 | D:2      | Mangled by Sigmund

Levels and vault maps discovered:
D:1:      evilmike_arrival_rings, layout_loops_corners
D:2:      layout_rooms, uniq_sigmund, uniq_robin, uniq_jessica

Skill      XL: |  1  2 |
---------------+-------+-----
Fighting       | 4 |  4.4
Axes           | 3 |  3.4
Armour         | 4 |  4.4
Shields        | 4 |  4.4

Action                   |  1- 3 |  4- 6 || total
-------------------------+-------+-------++-------
Melee: War axe           |    50 |    25 ||    75
       Headbutt          |     8 |     4 ||    12
  Use: Scroll            |     1 |       ||     1
  Eat: Chunk             |       |     1 ||     1
Armor: Scale mail        |    19 |     9 ||    28
Dodge: Dodged            |    21 |    14 ||    35
Block: Shield            |    21 |    20 ||    41

Table legend:
 A = Non-vault XP
 B = Vault XP
 C = Vault XP percentage of total XP
 D = Non-vault monster count
 E = Vault monster count
 F = Vault count percentage of total count
                 A         B        C        D         E       F
            +---------+---------+-------+---------+---------+-------
      Total |      78 |      50 |  39.1 |      25 |       8 |  24.2
            +---------+---------+-------+---------+---------+-------
        D:1 |      44 |       2 |   4.3 |      19 |       1 |   5.0
        D:2 |      34 |      48 |  58.5 |       6 |       7 |  53.8
            +---------+---------+-------+---------+---------+-------
